 Dungeon Crawl Stone Soup version 0.29.1-12-g30fa7ad0bf (webtiles) character file.

Game seed: 4978037135137040170

912 cheesebisquit the Cleaver (level 7, -7/87 HPs)
             Began as a Minotaur Berserker on Dec 14, 2022.
             Was an Elder of Trog.
             Mangled by a gnoll
             ... wielding a +0 scythe
              (9 damage)
             ... on level 4 of the Dungeon.
             The game lasted 00:15:34 (4271 turns).

cheesebisquit the Cleaver (Minotaur Berserker)      Turns: 4271, Time: 00:15:35

Health: -7/87      AC: 10    Str: 24    XL:     7   Next: 82%
Magic:  6/6        EV:  8    Int:  4    God:    Trog [****..]
Gold:   332        SH:  0    Dex:  9    Spells: 6/6 levels left

rFire   . . .      SeeInvis .   a - +0 hand axe
rCold   . . .      Faith    .   (no shield)
rNeg    . . .      Spirit   .   w - +0 chain mail
rPois   .          Reflect  .   (helmet restricted)
rElec   .          Harm     .   (no cloak)
rCorr   .          Rampage  .   d - +0 pair of gloves
Will    ++...                   (no boots)
Stlth   ..........              (no amulet)
HPRegen 1.24/turn               (no ring)
MPRegen 0.10/turn               (no ring)

@: berserking, strong-willed, regenerating, very quick
A: horns 2, retaliatory headbutt
a: Renounce Religion, Berserk, Trog's Hand, Brothers in Arms


You were on level 4 of the Dungeon.
You worshipped Trog.
Trog was greatly pleased with you.
You visited 1 branch of the dungeon, and saw 4 of its levels.

You collected 332 gold pieces.

Inventory:

Hand Weapons
 a - a +0 hand axe (weapon)
Missiles
 c - a throwing net
 n - 34 stones (quivered)
Armour
 d - a +0 pair of gloves (worn)
 u - a +0 ring mail
 w - a +0 chain mail (worn)
 y - a +0 scale mail
Jewellery
 z - a ring of poison resistance
Wands
 t - a wand of iceblast (6)
 x - a wand of flame (17)
Scrolls
 b - a scroll of magic mapping {unknown}
 e - a scroll of brand weapon {unknown}
 g - 2 scrolls of teleportation {unknown}
 l - a scroll of enchant armour {unknown}
 s - a scroll of noise {unknown}
 v - a scroll of blinking {unknown}
 A - a scroll of fear {unknown}
Potions
 f - a potion of invisibility
 h - 3 potions of curing
 i - a potion of might {unknown}
 j - 2 potions of haste
 k - 3 potions of lignification
 m - 2 potions of heal wounds
 o - a potion of mutation {unknown}
 p - a potion of berserk rage {unknown}
 q - a potion of resistance {unknown}
 r - a potion of attraction {unknown}


   Skills:
 - Level 3.8 Fighting
 + Level 11.1 Axes
 - Level 2.7 Armour
 - Level 2.4 Dodging


You had 6 spell levels left.
You didn't know any spells.
Your spell library was empty.

Dungeon Overview and Level Annotations

Branches:
Dungeon (4/15)
 Temple: D:4-7

Altars:
Cheibriados
Trog
Yredelemnul

Shops:
D:3 [


Innate Abilities, Weirdness & Mutations

You have a pair of horns on your head.
You reflexively headbutt those who attack you in melee.


Message History

You feel yourself moving faster!
You feel mighty!
You can no longer call in reinforcements.
The gnoll closely misses you. The gnoll barely misses you.
The gnoll hits you but does no damage. The gnoll hits you with a +0 scythe.
* * * LOW HITPOINT WARNING * * *
The gnoll hits you with a +0 scythe.
* * * LOW HITPOINT WARNING * * *
You closely miss the gnoll.
The gnoll is moderately wounded.
You hit the gnoll. You slash the gnoll!
You feel the power of Trog in you as your rage grows.
You kill the gnoll!
Trog accepts your kill.
You barely miss the gnoll.
The gnoll hits you from afar with a +0 scythe.
* * * LOW HITPOINT WARNING * * *
The gnoll barely misses you. The gnoll hits you but does no damage.
The gnoll hits you from afar with a +0 scythe.
* * * LOW HITPOINT WARNING * * *
You hit the gnoll.
You kill the gnoll!
Trog accepts your kill.
You can now call in reinforcements.
You feel a strong urge to attack something.
The gnoll hits you but does no damage. The gnoll hits you with a +0 scythe.
* * * LOW HITPOINT WARNING * * *
The gnoll hits you but does no damage.
There is an open door, spattered with blood here.
There are no items here.
You are too berserk!
You slash the gnoll!
You kill the gnoll!
Trog accepts your kill.
You slash the gnoll! x2
You slash the gnoll!
You feel the power of Trog in you as your rage grows.
You kill the gnoll!
Trog accepts your kill.
You closely miss the gnoll. The gnoll hits you with a +0 scythe!
You die...

...# #.....# ...#
#.....# ...# #.....#
...#########.....#
.................#
.................#
.............#######
.............#.)#..#
.............#.)@..#
.............#.g#..#
.............####..#
................[.##
.................##
.................#
.................#
.................#
.................#


You could see a gnoll.

Vanquished Creatures
  Grinder (D:4)
  The ghost of Uniporpoise the Covered, an amateur GrFi (D:3)
  A necrophage (D:4)
  A scorpion (D:4)
  A howler monkey (D:4)
  A hound (D:4)
  A gnoll bouda (D:4)
  Natasha (thrice) (D:3)
  An iguana (D:4)
  Ijyb (D:3)
  2 hound zombies (D:3)
  Robin (D:3)
  8 gnolls (D:4)
  6 adders
  2 worms
  2 dart slugs
  7 orcs
  6 bats
  8 endoplasms
  2 giant cockroaches (D:2)
  26 goblins
  15 hobgoblins
  7 jackals
  10 kobolds
  2 quokkas
  10 ball pythons
  3 frilled lizards
  A rat (D:1)
130 creatures vanquished.

Vanquished Creatures (others)
  A plant (D:1)
1 creature vanquished.

Grand Total: 131 creatures vanquished

Notes
Turn   | Place    | Note
-------+----------+-------------------------------------------
     0 | D:1      | cheesebisquit the Minotaur Berserker began the quest for
                  | the Orb.
     0 | D:1      | Reached XP level 1. HP: 19/19 MP: 0/0
   279 | D:1      | Reached XP level 2. HP: 27/27 MP: 1/1
   421 | D:1      | Reached skill level 4 in Axes
   836 | D:1      | Reached ** piety under Trog
   837 | D:1      | Reached XP level 3. HP: 33/33 MP: 2/2
  1255 | D:2      | Reached skill level 5 in Axes
  1500 | D:2      | Found a faded altar of an unknown god.
  1501 | D:2      | Found a bloodstained altar of Trog.
  1946 | D:2      | Reached XP level 4. HP: 35/40 MP: 3/3
  2504 | D:3      | Noticed Robin
  2509 | D:3      | Reached skill level 6 in Axes
  2513 | D:3      | Killed Robin
  2550 | D:3      | Reached *** piety under Trog
  2560 | D:3      | Reached XP level 5. HP: 43/46 MP: 4/4
  2607 | D:3      | Found Ynleinwo's Antique Armour Shop.
  2633 | D:3      | Noticed Natasha
  2640 | D:3      | Killed Natasha
  2682 | D:3      | Reached skill level 7 in Axes
  2687 | D:3      | Noticed Natasha
  2694 | D:3      | Killed Natasha
  2742 | D:3      | Noticed Natasha
  2753 | D:3      | Killed Natasha
  2907 | D:3      | Noticed Ijyb
  2934 | D:3      | Killed Ijyb
  3074 | D:3      | Reached XP level 6. HP: 50/52 MP: 5/5
  3127 | D:3      | Found a runed translucent gate.
  3127 | D:3      | Found a runed translucent gate.
  3127 | D:3      | Found a runed translucent gate.
  3127 | D:3      | Noticed Uniporpoise's ghost (amateur GrFi)
  3232 | D:3      | Found a basalt altar of Yredelemnul.
  3247 | D:3      | Reached skill level 8 in Axes
  3423 | D:3      | Killed Uniporpoise's ghost
  3528 | D:4      | Reached skill level 9 in Axes
  3693 | D:4      | Reached XP level 7. HP: 47/58 MP: 6/6
  3906 | D:4      | Noticed Grinder
  3916 | D:4      | Reached skill level 10 in Axes
  3917 | D:4      | Killed Grinder
  3918 | D:4      | Reached **** piety under Trog
  4111 | D:4      | Found a snail-covered altar of Cheibriados.
  4119 | D:4      | Reached skill level 11 in Axes
  4266 | D:4      | HP: 4/87 [gnoll/+0 scythe (1)]
  4269 | D:4      | HP: 1/87 [gnoll/+0 scythe (5)]
  4271 | D:4      | Mangled by a gnoll

Illustrated notes

Levels and vault maps discovered:
D:1:      spicycebolla_arrival_clurvy, layout_basic, dreamdust_wishing_well
D:2:      layout_basic, hellmonk_ecumenical_altar_blasted, basic_altar,
          st_stairs_3, grunt_decor_mini_mirrors
D:3:      cheibrodos_greedy_goblins, layout_rooms,
          nicolae_yredelemnul_ghost_church, serial_shops, shop, uniq_robin,
          uniq_natasha, uniq_ijyb
D:4:      layout_gridville, slow_altar_2, sigmund_army, uniq_grinder

Skill      XL: |  1  2  3  4  5  6  7 |
---------------+----------------------+-----
Axes           | 4 5 6 7 9 11 | 11.1
Fighting       | |  3.8
Armour         | |  2.7
Dodging        | |  2.4

Action                   |  1- 3 |  4- 6 |  7- 9 || total
-------------------------+-------+-------+-------++-------
Melee: Hand axe          |    89 |   119 |    42 ||   250
       Headbutt          |     8 |    12 |     7 ||    27
       Punch             |       |     1 |       ||     1
Invok: Berserk           |       |     6 |     2 ||     8
       Trog's Hand       |       |     4 |     1 ||     5
  Use: Scroll            |       |     5 |       ||     5
Armor: Leather armour    |    34 |    21 |       ||    55
       Ring mail         |       |     7 |       ||     7
       Chain mail        |       |     5 |    20 ||    25
Dodge: Dodged            |    65 |    72 |    27 ||   164
